[Event "Titled Tuesday Blitz March 15 Late 2022"]
[White "Narayanan.S.L"]
[Black "Indjic, Aleksandar"]
[WhiteFideId "5058422"]
[BlackFideId "911925"]
[WhiteElo "2494"]
[BlackElo "2616"]
[Result "0-1"]
[Round "09"]
[TimeControl "180+1"]
[Date "2022.03.15"]
[WhiteClock "0:00:17"]
[BlackClock "0:00:16"]

1. Nf3 d5 2. d4 e6 3. Bf4 c5 4. e3 Nf6 5. Nbd2 Qb6 6. Rb1 Bd6 7. dxc5 Qxc5 8. Bxd6 Qxd6 9. c4 O-O 10. b4 b6 11. Be2 Bb7 12. O-O Qe7 13. Qb3 Nbd7 14. Rfc1 Rfc8 15. h3 h6 16. a3 a5 17. cxd5 Bxd5 18. Rxc8+ Rxc8 19. Qb2 axb4 20. axb4 Ne4 21. Nxe4 Bxe4 22. Rd1 Nf6 23. Qd4 Qc7 24. Ne5 Bd5 25. Ba6 Ra8 26. Bd3 Bb3 27. Rb1 Rd8 28. Qb2 Bd5 29. Rc1 Qd6 30. Bf1 Bb7 31. b5 Ne4 32. Nc6 Ra8 33. Qc2 Nc5 34. Rd1 Qc7 35. Be2 Bxc6 36. bxc6 Qxc6 37. Bf3 Qa4 38. Qd2 Rc8 39. Qd6 Qa7 40. Rb1 Rb8 41. h4 b5 42. Qd4 Qb6 43. Be2 b4 44. Bc4 Rd8 45. Qb2 b3 46. h5 Qb4 47. Bf1 Rb8 48. Qe5 b2 49. f3 Na4 50. Bd3 Nc3 51. Rf1 b1=Q 52. Bxb1 Nxb1 53. Rc1 Nd2 54. Rc7 Qb1+ 55. Kh2 Nf1+ 56. Kh3 Qf5+ 57. Qxf5 exf5 58. Re7 Rb3 59. e4 fxe4 60. Rxe4 Nd2 61. Re8+ Kh7 62. Re7 f6 63. Kg4 Rb4+ 64. f4 Rb3 65. Kf5 Nf1 66. Re1 Ng3+ 67. Kg4 f5+ 68. Kh4 Ne4 69. g4 Nd2 70. Re7 Nf3+ 71. Kg3 Ne5+ 72. Kh4 Nf3+ 73. Kg3 fxg4 74. Kxg4 Nd4 75. f5 Rb6 76. Rd7 Nc2 77. Kf4 Rf6 78. Rd5 Nb4 79. Rd7 Nc6 80. Ke4 Na5 81. Re7 Nc4 82. Re6 Nd6+ 83. Kd5 Nxf5 84. Rxf6 gxf6 85. Ke6 Ng3 86. Kxf6 Nxh5+ 87. Kf5 Ng7+ 88. Kg4 Kg6 89. Kh4 h5 90. Kg3 Kg5 91. Kh3 Nf5 92. Kh2 Kg4 93. Kg2 h4 94. Kh2 h3 95. Kh1 Kg3 96. Kg1 Nd6 97. Kh1 Ne4 98. Kg1 h2+ 99. Kf1 h1=Q+ 100. Ke2 Qf3+ 101. Ke1 Qf2+ 102. Kd1 Qd2# 0-1


[Site "https://www.chess.com"]

[Event "Titled Tuesday Blitz March 15 Late 2022"]
[White "Niemann, Hans Moke"]
[Black "Dubov, Daniil"]
[WhiteFideId "2093596"]
[BlackFideId "24126055"]
[WhiteElo "2632"]
[BlackElo "2791"]
[Result "1/2-1/2"]
[Round "09"]
[TimeControl "180+1"]
[Date "2022.03.15"]
[WhiteClock "0:00:24"]
[BlackClock "0:00:15"]

1. d4 d5 2. Nc3 Bf5 3. f3 e6 4. e4 Bg6 5. h4 h6 6. Nge2 Nf6 7. Nf4 Bh7 8. e5 Nfd7 9. Bd3 Bxd3 10. Qxd3 c5 11. Ncxd5 exd5 12. e6 Nf6 13. Qb5+ Nbd7 14. exd7+ Qxd7 15. Qxd7+ Kxd7 16. Be3 c4 17. Kf2 h5 18. Ne2 Bd6 19. Bf4 b5 20. Rhe1 Rhe8 21. Bxd6 Kxd6 22. Nf4 a5 23. a3 g6 24. Nh3 Rxe1 25. Rxe1 Re8 26. Rxe8 Nxe8 27. c3 Nf6 28. Ke3 Ke7 29. Nf4 Kd6 30. Ne2 Ke7 31. Kf4 Nd7 32. g4 Nb6 33. gxh5 gxh5 34. Ng3 Na4 35. Ke5 Nxb2 36. Kxd5 Na4 37. Ne2 Kd7 38. f4 Kc7 39. f5 Kd7 40. f6 Kc7 41. Ke5 Kd7 42. Kf5 Kd6 43. Kg5 Ke6 44. Nf4+ Kd6 45. Ne2 Ke6 46. d5+ Kxd5 47. Kxh5 Ke5 48. Kg5 Nc5 49. Ng3 Ne6+ 50. Kg4 Kxf6 51. h5 Nc5 52. Kf4 b4 53. axb4 axb4 54. cxb4 Nd3+ 55. Ke3 Nxb4 56. Kd4 Kg5 57. Kxc4 Nc6 58. Kd5 Ne7+ 59. Kd6 Ng8 60. Ke5 Nf6 61. Ne4+ Nxe4 62. Kxe4 f6 63. h6 Kxh6 64. Kf5 Kg7 65. Kf4 Kg6 66. Kg4 f5+ 67. Kf4 Kf6 68. Kf3 Ke5 69. Ke3 f4+ 70. Kf3 Kf5 71. Kf2 Kg5 72. Kf3 Kf5 73. Kf2 Ke4 74. Ke2 f3+ 75. Kf2 Kf4 76. Kf1 Kg4 77. Kf2 Kf4 78. Kf1 Kg3 79. Kg1 Kg4 80. Kf2 Kf4 1/2-1/2


[Site "https://www.chess.com"]

[Event "Titled Tuesday Blitz March 15 Late 2022"]
[White "Odegov, Artem"]
[Black "Oro, Luis"]
[WhiteFideId "34183644"]
[BlackFideId "104094"]
[WhiteElo "2286"]
[BlackElo "2286"]
[Result "0-1"]
[Round "09"]
[TimeControl "180+1"]
[Date "2022.03.16"]
[WhiteClock "0:00:54"]
[BlackClock "0:01:13"]

1. d4 Nf6 2. c4 g6 3. Nc3 Bg7 4. e4 d6 5. h3 O-O 6. Be3 e5 7. d5 Nbd7 8. Bd3 a5 9. g4 Nc5 10. Bc2 Ne8 11. Nge2 f5 12. gxf5 gxf5 13. exf5 Bxf5 14. Bxf5 Rxf5 15. Ng3 Rf8 16. Nge4 Nxe4 17. Nxe4 Qh4 18. Qg4 Qxg4 19. hxg4 Nf6 20. Nxf6+ Rxf6 21. Ke2 Raf8 22. Rh3 R6f7 23. Rah1 Bf6 24. g5 Be7 25. Rh6 Rg7 26. R1h5 Rf5 27. Re6 Kf8 28. g6 Rxh5 29. gxh7 Rgxh7 30. a3 Rf7 31. Rg6 Rhf5 32. b4 axb4 33. axb4 Ke8 34. c5 Kd7 35. Rg8 e4 36. Rb8 Rxd5 37. cxd6 Bxd6 38. Rxb7 Kc6 39. Rb8 Rb5 40. Re8 Rxb4 41. Re6 Kd5 42. Re8 Rb2+ 43. Kf1 Bc5 44. Rd8+ Kc6 45. Kg1 Bxe3 46. fxe3 Rb3 47. Rf8 Rxf8 48. Kg2 Rxe3 49. Kg1 Re2 50. Kh1 Rf1# 0-1


[Site "https://www.chess.com"]

[Event "Titled Tuesday Blitz March 15 Late 2022"]
[White "Olsen, Filip Boe"]
[Black "Elissalt Cardenas, Hector"]
[WhiteFideId "1440640"]
[BlackFideId "3500632"]
[WhiteElo "2188"]
[BlackElo "2159"]
[Result "0-1"]
[Round "09"]
[TimeControl "180+1"]
[Date "2022.03.16"]
[WhiteClock "0:00:46"]
[BlackClock "0:00:18"]

1. d4 d5 2. Nf3 Nf6 3. c4 e6 4. Nc3 Be7 5. Bf4 O-O 6. e3 Nbd7 7. Rc1 c5 8. cxd5 Nxd5 9. Nxd5 exd5 10. a3 Qa5+ 11. Qd2 Qxd2+ 12. Kxd2 c4 13. Ne5 Nf6 14. f3 Nh5 15. Be2 f6 16. Ng4 Nxf4 17. exf4 Bd8 18. Ne3 Ba5+ 19. Kd1 Be6 20. f5 Bf7 21. Rc2 Rfe8 22. Nf1 Re7 23. Ng3 Rae8 24. Rf1 b5 25. Kc1 Bb6 26. Rd2 a5 27. Bd1 Bc7 28. Ne2 b4 29. g3 Bd6 30. axb4 axb4 31. Rf2 Ra8 32. Bc2 Ra1+ 33. Bb1 Be8 34. Nf4 Bxf4 35. gxf4 Bd7 36. b3 Bxf5 37. Rc2 Re1+ 38. Kd2 Raxb1 0-1


[Site "https://www.chess.com"]

[Event "Titled Tuesday Blitz March 15 Late 2022"]
[White "Ozates, Tuna"]
[Black "Brunner, Nicolas"]
[WhiteFideId "6354521"]
[BlackFideId "620246"]
[WhiteElo "1887"]
[BlackElo "2372"]
[Result "1-0"]
[Round "09"]
[TimeControl "180+1"]
[Date "2022.03.16"]
[WhiteClock "0:00:42"]
[BlackClock "0:00:01"]

1. e4 e5 2. Nf3 Nc6 3. Bc4 Nf6 4. d3 Be7 5. O-O O-O 6. Bb3 d6 7. c3 Na5 8. Bc2 c5 9. a3 Nc6 10. b4 a6 11. h3 h6 12. Be3 b6 13. d4 cxd4 14. cxd4 exd4 15. Nxd4 Nxd4 16. Qxd4 Bb7 17. Nc3 Rc8 18. Bb3 Nd7 19. Nd5 Bf6 20. Nxf6+ Nxf6 21. f3 b5 22. Rac1 Qe7 23. Bf4 Rxc1 24. Rxc1 Rd8 25. Qb6 Rd7 26. Rd1 d5 27. exd5 Bxd5 28. Bc2 Qe2 29. Qb8+ Qe8 30. Qxe8+ Nxe8 31. Bf5 Rd8 32. Be5 Kf8 33. Be4 f6 34. Bg3 Bxe4 35. Rxd8 Bc2 36. Ra8 Kf7 37. Rxa6 f5 38. Rb6 Ba4 39. Be5 h5 40. Kf2 g6 41. h4 1-0


[Site "https://www.chess.com"]

[Event "Titled Tuesday Blitz March 15 Late 2022"]
[White "Paravyan, David"]
[Black "Van Foreest, Jorden"]
[WhiteFideId "4194985"]
[BlackFideId "1039784"]
[WhiteElo "2569"]
[BlackElo "2609"]
[Result "1-0"]
[Round "09"]
[TimeControl "180+1"]
[Date "2022.03.15"]
[WhiteClock "0:00:21"]
[BlackClock "0:00:02"]

1. e4 e5 2. Nf3 Nf6 3. Nc3 Nc6 4. d4 exd4 5. Nxd4 Bb4 6. Nxc6 bxc6 7. Bd3 d5 8. exd5 O-O 9. O-O Bg4 10. f3 Bh5 11. Bg5 cxd5 12. Bxf6 Qxf6 13. Nxd5 Qxb2 14. Rb1 Bc5+ 15. Kh1 Qe5 16. f4 Bxd1 17. fxe5 Bg4 18. Nxc7 Rad8 19. h3 Bd7 20. Bc4 Bb6 21. Nd5 Bc5 22. Nf4 Bb6 23. e6 fxe6 24. Nxe6 Bxe6 25. Bxe6+ Kh8 26. c4 g6 27. Bd5 Kg7 28. g3 Rde8 29. Rxf8 Rxf8 30. Re1 Bc5 31. h4 Rf2 32. a4 Ra2 33. Rf1 Rxa4 34. Rf7+ Kh6 35. g4 g5 36. h5 Ra1+ 37. Kg2 Rg1+ 38. Kh3 Re1 39. Rc7 Re3+ 40. Kg2 Rg3+ 41. Kh2 Rxg4 42. Rxc5 Rh4+ 43. Kg3 Kxh5 44. Rc7 Kh6 45. Rxa7 Rd4 46. Rd7 Rd3+ 47. Kf2 g4 48. Rxh7+ Kg5 49. Ke2 Rd4 50. Ke3 Rd1 51. Rg7+ Kh4 52. Ke4 g3 53. Ke5 Kh3 54. c5 Re1+ 55. Kd6 Rf1 56. c6 Rf7 1-0


[Site "https://www.chess.com"]

[Event "Titled Tuesday Blitz March 15 Late 2022"]
[White "Peatman, Carter"]
[Black "Sanchez Alvares, Kelvin Antonio"]
[WhiteFideId "2096480"]
[BlackFideId "3906680"]
[WhiteElo "2461"]
[BlackElo "2193"]
[Result "1/2-1/2"]
[Round "09"]
[TimeControl "180+1"]
[Date "2022.03.15"]
[WhiteClock "0:01:47"]
[BlackClock "0:00:12"]

1. d4 d5 2. Bf4 Nf6 3. e3 c5 4. dxc5 Nc6 5. Bb5 Qa5+ 6. Nc3 a6 7. Bxc6+ bxc6 8. Qd4 g6 9. b4 Qd8 10. Nf3 Bg7 11. Be5 O-O 12. O-O a5 13. a3 Ba6 14. Rfe1 Re8 15. Nd2 Nh5 16. Bxg7 Nxg7 17. Nf3 Nf5 18. Qd2 e5 19. e4 dxe4 20. Nxe4 Qxd2 21. Nfxd2 Nd4 22. Nf6+ Kf8 23. Nxe8 Rxe8 24. Rac1 axb4 25. axb4 Ne2+ 26. Rxe2 Bxe2 27. Ne4 Rb8 28. c3 Bd3 29. Nd6 f5 30. c4 Rxb4 31. g3 Rb1 32. Rxb1 Bxb1 33. Kf1 Bd3+ 34. Ke1 Ke7 35. Kd2 Bf1 36. Ke1 Bd3 37. Kd2 Bb1 38. Kc1 Bd3 39. h4 h6 40. Kd2 Bf1 41. Ke1 Bg2 42. Kd2 g5 43. hxg5 hxg5 44. Nxf5+ Ke6 45. Nd6 Bf1 46. Ke3 g4 47. Kd2 Bg2 48. Ke1 Bf3 49. Kd2 Bg2 50. Ke2 Bf3+ 51. Ke3 Bg2 52. Ne4 Bf1 53. Nd2 Bg2 54. Ke2 Kf5 55. Ke3 Ke6 56. Ne4 Bf1 57. Nd2 Bg2 1/2-1/2


[Site "https://www.chess.com"]

[Event "Titled Tuesday Blitz March 15 Late 2022"]
[White "Perez Torres, Nabi Isaias"]
[Black "Magallanes, Rey Jomar"]
[WhiteFideId "5120373"]
[BlackFideId "5205948"]
[WhiteElo "1755"]
[BlackElo "2219"]
[Result "1-0"]
[Round "09"]
[TimeControl "180+1"]
[Date "2022.03.16"]
[WhiteClock "0:01:50"]
[BlackClock "0:00:03"]

1. d4 d5 2. c4 e6 3. Nc3 Nf6 4. cxd5 exd5 5. Bg5 Be7 6. Qc2 O-O 7. e3 Nc6 8. a3 Be6 9. Bd3 h6 10. h4 Nd7 11. Nf3 Bxg5 12. hxg5 Nb6 13. gxh6 g6 14. Bxg6 Kh8 15. Bd3 Nd7 16. O-O-O Nf6 17. Ng5 Rg8 18. f4 Nh7 19. Bxh7 Rg6 20. Bxg6 fxg6 21. Qxg6 Bg8 22. Qg7# 1-0


[Site "https://www.chess.com"]

[Event "Titled Tuesday Blitz March 15 Late 2022"]
[White "Petre, Nad-Titus"]
[Black "Meduri, Aakaash"]
[WhiteFideId "1204165"]
[BlackFideId "2032252"]
[WhiteElo "2354"]
[BlackElo "2096"]
[Result "0-1"]
[Round "09"]
[TimeControl "180+1"]
[Date "2022.03.16"]
[WhiteClock "0:00:08"]
[BlackClock "0:00:10"]

1. Nf3 d5 2. e3 c5 3. Bb5+ Bd7 4. a4 g6 5. d4 Bg7 6. O-O Nf6 7. c4 Bxb5 8. cxb5 cxd4 9. exd4 O-O 10. Re1 a6 11. Nc3 axb5 12. Nxb5 Nc6 13. Bf4 Ne4 14. Qb3 e6 15. Ne5 Na5 16. Qb4 f6 17. Nf3 Rc8 18. Nd6 Nxd6 19. Bxd6 Re8 20. Bc5 Nc6 21. Qxb7 e5 22. Qb3 Rb8 23. Qc2 e4 24. Nd2 f5 25. g3 Nxd4 26. Bxd4 Bxd4 27. Ra2 e3 28. fxe3 Rxe3 29. Rxe3 Bxe3+ 30. Kg2 d4 31. Nf3 Qd5 32. b4 g5 0-1


[Site "https://www.chess.com"]

[Event "Titled Tuesday Blitz March 15 Late 2022"]
[White "Pichot, Alan"]
[Black "Deac, Bogdan-Daniel"]
[WhiteFideId "110973"]
[BlackFideId "1226380"]
[WhiteElo "2579"]
[BlackElo "2646"]
[Result "1/2-1/2"]
[Round "09"]
[TimeControl "180+1"]
[Date "2022.03.15"]
[WhiteClock "0:00:07"]
[BlackClock "0:00:06"]

1. e4 e5 2. Nf3 Nc6 3. Bb5 Nf6 4. d3 Bc5 5. c3 O-O 6. O-O Re8 7. Bg5 a6 8. Ba4 h6 9. Bh4 g5 10. Bg3 b5 11. Bc2 d6 12. a4 Bg4 13. Nbd2 Nh5 14. b4 Bb6 15. Bb3 Ne7 16. Kh1 Ng6 17. h3 Be6 18. Bxe6 Rxe6 19. Bh2 Nhf4 20. axb5 axb5 21. d4 Rxa1 22. Qxa1 h5 23. Bxf4 Nxf4 24. Nh2 g4 25. hxg4 hxg4 26. Qd1 exd4 27. Qxg4+ Ng6 28. cxd4 Qh4 29. d5 Re8 30. Qxh4 Nxh4 31. g3 Ng6 32. Nhf3 Ra8 33. Kg2 Ra4 34. Rb1 Ra2 35. Kf1 Kg7 36. Ke2 Ne7 37. Ke1 f5 38. exf5 Nxf5 39. Ne4 Ne7 40. Rd1 Rb2 41. Neg5 Bxf2+ 42. Kf1 Bb6 43. g4 Rf2+ 44. Ke1 Rb2 45. Ne6+ Kf7 46. Neg5+ Kg6 47. Ne4 Rxb4 48. Nf2 Bxf2+ 49. Kxf2 Rxg4 50. Ke3 Rc4 51. Nd4 Nxd5+ 52. Kd3 Nf4+ 53. Ke3 c5 54. Rg1+ Kf6 55. Nxb5 Nd5+ 56. Kd3 Rb4 57. Nxd6 Rd4+ 58. Ke2 Nc3+ 59. Ke3 Rxd6 60. Rc1 Nd5+ 61. Ke4 Ke6 62. Rxc5 Nf6+ 63. Ke3 Ra6 64. Rc4 Ke5 65. Rc5+ Nd5+ 66. Kd3 Ra3+ 67. Kc4 Rc3+ 68. Kb5 Rb3+ 69. Kc6 Rb6+ 70. Kd7 Rd6+ 71. Kc8 Ke6 72. Rc1 Rb6 73. Kd8 Kd6 74. Ke8 Rb7 75. Kf8 Ke6 76. Re1+ Kd6 77. Kg8 Nf4 78. Rd1+ Ke5 79. Re1+ Kf5 80. Rf1 Rc7 81. Kf8 Rh7 82. Ke8 Ra7 83. Kd8 Ke5 84. Kc8 Nd5 85. Re1+ Kd6 86. Kb8 Rh7 87. Rd1 Kc5 88. Kc8 Nb4 89. Kd8 Nc6+ 90. Ke8 Ne5 91. Kf8 Rf7+ 92. Kg8 Ra7 93. Re1 Kd5 94. Rd1+ Ke6 95. Re1 Kf5 96. Kf8 Ng6+ 97. Ke8 Kf6 98. Kd8 Ne5 99. Kc8 Nc6 100. Re6+ Kxe6 1/2-1/2


[Site "https://www.chess.com"]

[Event "Titled Tuesday Blitz March 15 Late 2022"]
[White "Prohorov, Olexandr"]
[Black "Pesotskiy, Mikhail"]
[WhiteFideId "14105578"]
[BlackFideId "34164453"]
[WhiteElo "1993"]
[BlackElo "2010"]
[Result "0-1"]
[Round "09"]
[TimeControl "180+1"]
[Date "2022.03.16"]
[WhiteClock "0:00:01"]
[BlackClock "0:01:12"]

1. e4 e6 2. d4 d5 3. Nc3 Bb4 4. Ne2 dxe4 5. a3 Be7 6. Nxe4 Nd7 7. g4 Ngf6 8. Nxf6+ Nxf6 9. Ng3 c5 10. Be3 Nd5 11. Bb5+ Bd7 12. Bxd7+ Qxd7 13. O-O Rd8 14. c3 O-O 15. Qf3 Qb5 16. Rab1 a5 17. Ne4 Nxe3 18. fxe3 a4 19. Rf2 Qc6 20. Rbf1 f5 21. gxf5 exf5 22. Nd2 Qxf3 23. Nxf3 g6 24. Ne5 Bd6 25. Nd3 c4 26. Nf4 Bxf4 27. Rxf4 Rfe8 28. Kf2 b5 29. h4 Rd6 30. Rg1 Rde6 31. Rg3 Kf7 32. Ke2 Re4 33. Kf3 Rxe3+ 34. Kg2 Kf6 35. Rf2 Rxg3+ 36. Kxg3 Re1 37. Kf3 h6 0-1


[Site "https://www.chess.com"]

[Event "Titled Tuesday Blitz March 15 Late 2022"]
[White "Przybylski, Wojciech"]
[Black "Papasimakopoulos, Alexandros"]
[WhiteFideId "1117599"]
[BlackFideId "4244125"]
[WhiteElo "2133"]
[BlackElo "2340"]
[Result "0-1"]
[Round "09"]
[TimeControl "180+1"]
[Date "2022.03.15"]
[WhiteClock "0:00:01"]
[BlackClock "0:00:11"]

1. e4 e6 2. d4 d5 3. Nc3 Bb4 4. a3 Bxc3+ 5. bxc3 dxe4 6. Qg4 Nf6 7. Qxg7 Rg8 8. Qh6 Rg6 9. Qe3 c5 10. Ne2 Qa5 11. Bd2 Nc6 12. h3 Bd7 13. dxc5 O-O-O 14. c4 Qa4 15. Qb3 Ne5 16. Nf4 Rgg8 17. Bc3 Rg5 18. O-O-O Bc6 19. Rxd8+ Kxd8 20. Be2 Nfd7 21. Rd1 Ke7 22. g4 Nxc5 23. Qb4 Nd7 24. h4 Rg8 25. g5 b6 26. Nh5 e5 27. Nf6 Nxf6 28. gxf6+ Kxf6 29. Qb2 Nd7 30. Rd6+ Kf5 31. Rd1 f6 32. Bf1 Ke6 33. Bh3+ f5 34. Re1 Nc5 35. f3 Rg3 0-1


[Site "https://www.chess.com"]

[Event "Titled Tuesday Blitz March 15 Late 2022"]
[White "Roberson, Peter T"]
[Black "Fishbein, Alexander"]
[WhiteFideId "412384"]
[BlackFideId "2000377"]
[WhiteElo "2346"]
[BlackElo "2442"]
[Result "0-1"]
[Round "09"]
[TimeControl "180+1"]
[Date "2022.03.15"]
[WhiteClock "0:00:03"]
[BlackClock "0:00:17"]

1. e4 c5 2. Na3 e6 3. c3 d5 4. e5 Nc6 5. d4 cxd4 6. cxd4 Bxa3 7. bxa3 Qa5+ 8. Bd2 Qxa3 9. Qg4 Nge7 10. Qxg7 Rg8 11. Qxh7 Nxd4 12. Qd3 Qxd3 13. Bxd3 Rxg2 14. h4 Nef5 15. h5 Bd7 16. h6 O-O-O 17. h7 Rh8 18. Bxf5 exf5 19. e6 Rxh7 20. exd7+ Kxd7 21. Kf1 Rxf2+ 22. Kxf2 Rxh1 23. Bf4 Ne6 24. Be5 f4 25. Nf3 Rxa1 26. Bxa1 Kd6 27. Ne5 f5 28. Kf3 d4 29. Ng6 Kd5 30. Ne7+ Kc4 31. Nxf5 d3 32. Nd6+ Kb4 33. Nxb7 Ka3 34. Nd6 Kxa2 35. Be5 Kb3 36. Ne4 Ng5+ 37. Nxg5 d2 38. Ke2 Kc2 0-1


[Site "https://www.chess.com"]

[Event "Titled Tuesday Blitz March 15 Late 2022"]
[White "Romanchuk, Viktor"]
[Black "Janturin, Artur"]
[WhiteFideId "14109271"]
[BlackFideId "4130022"]
[WhiteElo "2242"]
[BlackElo "2372"]
[Result "1-0"]
[Round "09"]
[TimeControl "180+1"]
[Date "2022.03.16"]
[WhiteClock "0:00:19"]
[BlackClock "0:00:14"]

1. d4 e6 2. c4 b6 3. a3 Bb7 4. Nc3 Nf6 5. Bg5 Be7 6. e3 h6 7. Bh4 Ne4 8. Bxe7 Qxe7 9. Nge2 d6 10. Nxe4 Bxe4 11. Nc3 Bb7 12. Bd3 Nd7 13. O-O O-O 14. Be4 Bxe4 15. Nxe4 e5 16. Re1 f5 17. Nc3 Qf7 18. dxe5 Nxe5 19. b3 f4 20. Qd5 f3 21. Red1 Kh7 22. Qxf7 Rxf7 23. g3 g5 24. Rd4 Kg6 25. Rad1 h5 26. h3 a5 27. Nd5 g4 28. Nf4+ Kh6 29. h4 Nd7 30. Rd5 Ne5 31. Kf1 Re7 32. Ke1 Ng6 33. Rxh5+ Kg7 34. Rg5 1-0


[Site "https://www.chess.com"]

[Event "Titled Tuesday Blitz March 15 Late 2022"]
[White "Rustemov, Alexander"]
[Black "Chigaev, Maksim"]
[WhiteFideId "4119002"]
[BlackFideId "4108116"]
[WhiteElo "2762"]
[BlackElo "2502"]
[Result "0-1"]
[Round "09"]
[TimeControl "180+1"]
[Date "2022.03.15"]
[WhiteClock "0:00:11"]
[BlackClock "0:00:03"]

1. d4 Nf6 2. c4 e6 3. Nf3 d5 4. Nc3 Bb4 5. Bg5 dxc4 6. e4 b5 7. e5 h6 8. exf6 hxg5 9. fxg7 Rg8 10. g3 Bb7 11. Bg2 Rxg7 12. O-O Bxc3 13. bxc3 Nd7 14. a4 a6 15. Rb1 g4 16. Nd2 Bxg2 17. Kxg2 Qg5 18. Qe2 Qd5+ 19. Kg1 Ke7 20. f4 gxf3 21. Rxf3 Rh8 22. Rbf1 Rh5 23. Ne4 f5 24. Nd2 Rhg5 25. Re3 c5 26. Nf3 Rg4 27. Re1 R7g6 28. Ne5 cxd4 29. Nxg6+ Rxg6 30. cxd4 Qxd4 31. axb5 axb5 32. Qf3 f4 33. Qh5 Kf7 34. Qh7+ Rg7 35. Qh5+ Kg8 36. Qe8+ Nf8 37. Qxb5 fxe3 0-1


[Site "https://www.chess.com"]

[Event "Titled Tuesday Blitz March 15 Late 2022"]
[White "Sadilek, Peter"]
[Black "Kubicka, Anna"]
[WhiteFideId "1616439"]
[BlackFideId "1152254"]
[WhiteElo "2145"]
[BlackElo "2000"]
[Result "0-1"]
[Round "09"]
[TimeControl "180+1"]
[Date "2022.03.16"]
[WhiteClock "0:00:01"]
[BlackClock "0:00:39"]

1. e4 c5 2. Nc3 d6 3. f4 Nc6 4. Nf3 Bg4 5. Bc4 e6 6. O-O Nd4 7. d3 Be7 8. f5 Bxf3 9. Rxf3 Nxf3+ 10. Qxf3 exf5 11. Qxf5 Nf6 12. Nd5 Nxd5 13. Bxd5 O-O 14. Bxb7 Rb8 15. Bd5 g6 16. Qf3 Bf6 17. c3 Bg7 18. Bb3 Qf6 19. Qg3 a5 20. Bg5 Qe5 21. Bf4 Qh5 22. Bxd6 Rbd8 23. Bxf8 Rxf8 24. Rf1 Qe2 25. Qf3 Qxb2 26. Bxf7+ Kh8 27. h4 Qxc3 28. h5 gxh5 29. Qxh5 Qxd3 30. e5 Qd4+ 31. Kh1 Qxe5 32. Qxe5 Bxe5 33. Bc4 Rd8 34. Rf5 Rd1+ 35. Bf1 Bd4 36. g4 Kg7 37. Kg2 Rd2+ 38. Kf3 Rxa2 39. Bc4 Rf2+ 40. Ke4 Rxf5 41. Kxf5 h6 42. g5 h5 43. g6 h4 0-1


[Site "https://www.chess.com"]

[Event "Titled Tuesday Blitz March 15 Late 2022"]
[White "Sailer, Mike"]
[Black "Krasteva, Beloslava"]
[WhiteFideId "2012901"]
[BlackFideId "2922029"]
[WhiteElo "2109"]
[BlackElo "1689"]
[Result "0-1"]
[Round "09"]
[TimeControl "180+1"]
[Date "2022.03.16"]
[WhiteClock "0:00:01"]
[BlackClock "0:00:03"]

1. d4 Nf6 2. Nf3 g6 3. Bf4 Bg7 4. e3 O-O 5. Be2 d6 6. O-O Nbd7 7. c4 Re8 8. h3 b6 9. Nc3 Bb7 10. b4 e5 11. Bg5 h6 12. Bxf6 Nxf6 13. a4 exd4 14. exd4 Ne4 15. Nxe4 Bxe4 16. a5 Qf6 17. Ra3 Qf4 18. Re3 Rad8 19. d5 Bf5 20. Rxe8+ Rxe8 21. Re1 Bc3 22. Rf1 Qe4 23. Qc1 Bxb4 24. Bd1 Bxa5 25. Nh2 Qd3 26. Bf3 Bd2 27. Qa1 a5 28. Rd1 Bc3 29. Qc1 Qxc4 30. Nf1 Qb4 31. Qxh6 Bg7 32. Qc1 Qc5 33. Ne3 Qxc1 34. Rxc1 Re7 35. Nxf5 gxf5 36. Kf1 Bd4 37. Be2 a4 38. Bb5 a3 39. Rc2 Bb2 40. Bc4 Re4 41. Ba2 Rd4 42. Ke2 b5 43. Rxc7 b4 44. Rb7 Kg7 45. Rb6 Re4+ 46. Kd3 Re1 47. Rxb4 Ra1 48. Bb3 Bc1 49. Rb6 a2 50. Bxa2 Rxa2 51. Rxd6 Bb2 52. Kc4 Bf6 0-1


[Site "https://www.chess.com"]

[Event "Titled Tuesday Blitz March 15 Late 2022"]
[White "Sanchez, Robert"]
[Black "Mikhalsky, Vladimir"]
[WhiteFideId "2034360"]
[BlackFideId "14144352"]
[WhiteElo "2314"]
[BlackElo "2301"]
[Result "1-0"]
[Round "09"]
[TimeControl "180+1"]
[Date "2022.03.16"]
[WhiteClock "0:01:45"]
[BlackClock "0:01:18"]

1. e4 c5 2. Nf3 Nc6 3. d4 cxd4 4. c3 d3 5. Bxd3 g6 6. Bc4 Bg7 7. e5 Nxe5 8. Nxe5 Bxe5 9. Qd5 d6 10. Qxf7+ Kd7 11. O-O Kc7 12. Na3 a6 13. Bd5 Nf6 14. Bf3 Bg4 15. Bxg4 Nxg4 16. h3 Nf6 17. f4 Rf8 18. Qc4+ Kb8 19. fxe5 dxe5 20. Be3 Nh5 21. Rxf8 Qxf8 22. Qc5 Qf6 23. Rd1 e6 24. Qb6 Kc8 25. Nc4 Nf4 26. Nd6+ Kd7 27. Ne4+ Ke7 28. Qc7+ Kf8 29. Nxf6 1-0


[Site "https://www.chess.com"]

[Event "Titled Tuesday Blitz March 15 Late 2022"]
[White "Shimanov, Aleksandr"]
[Black "Drozdowski, Kacper"]
[WhiteFideId "4198603"]
[BlackFideId "1136720"]
[WhiteElo "2636"]
[BlackElo "2507"]
[Result "0-1"]
[Round "09"]
[TimeControl "180+1"]
[Date "2022.03.15"]
[WhiteClock "0:01:03"]
[BlackClock "0:01:58"]

1. e4 c5 2. Nf3 e6 3. b3 Nc6 4. Bb2 Nf6 5. e5 Nd5 6. Na3 Be7 7. g3 O-O 8. Bg2 d6 9. exd6 Qxd6 10. Nc4 Qc7 11. a4 Bf6 12. Bxf6 Nxf6 13. O-O e5 14. d3 Re8 15. Re1 h6 16. h3 Bf5 17. Nh4 Bd7 18. Nf3 Rad8 19. Qc1 Bf5 20. Qb2 e4 21. dxe4 Bxe4 22. Rad1 Nb4 23. Rxd8 Rxd8 24. Re2 Nc6 25. Ncd2 Bd5 26. Qc3 b6 27. Kh2 Qd7 28. Ne5 Nxe5 29. Qxe5 Bxg2 30. Kxg2 Re8 0-1


[Site "https://www.chess.com"]

[Event "Titled Tuesday Blitz March 15 Late 2022"]
[White "Sinitsina, Anastassia"]
[Black "Petesch, Gabriel"]
[WhiteFideId "4504640"]
[BlackFideId "2032465"]
[WhiteElo "2144"]
[BlackElo "2374"]
[Result "1-0"]
[Round "09"]
[TimeControl "180+1"]
[Date "2022.03.16"]
[WhiteClock "0:00:04"]
[BlackClock "0:00:05"]

1. Nf3 d5 2. g3 Nf6 3. Bg2 g6 4. O-O Bg7 5. d4 O-O 6. c4 dxc4 7. Qc2 Bf5 8. Qxc4 c6 9. a4 Nbd7 10. Nc3 Nb6 11. Qb3 a5 12. h3 Ne4 13. g4 Be6 14. Qc2 Nd6 15. Bf4 Nd5 16. Bg3 Nxc3 17. bxc3 Bd5 18. Ne5 Bxg2 19. Kxg2 Nc4 20. Nf3 b5 21. e4 Qd7 22. Rfb1 Rfc8 23. Qb3 Qe6 24. Ng5 Qf6 25. Nf3 Qe6 26. Qc2 Ra7 27. axb5 cxb5 28. Rxb5 a4 29. Rb4 a3 30. e5 Qd5 31. Qb3 a2 32. Kg1 Raa8 33. Rxa2 Rxa2 34. Qxa2 Qxf3 35. Rxc4 Ra8 36. Qb2 h5 37. Rb4 Kh7 38. gxh5 gxh5 39. Kh2 Bh6 40. Qc2+ Kg7 41. d5 Ra1 42. Rb1 Rxb1 43. Qxb1 h4 44. Bxh4 Bf4+ 45. Kg1 Bxe5 46. Qe1 Qf4 47. Bg3 Qf3 48. Qxe5+ Kg6 49. Qxe7 Qd3 50. Qe8 Kh6 51. Qg8 Qb1+ 52. Kg2 Qf5 53. Kh2 Qe4 54. d6 Qd5 55. d7 Qxd7 56. Qf8+ Kh5 57. Bf4 Qe6 58. Qg7 Qg6 59. Qxg6+ Kxg6 60. c4 Kf5 61. c5 Ke6 62. c6 Kf5 63. c7 Ke4 64. c8=Q Kf3 65. Qd7 Ke2 66. Qxf7 Kf1 67. h4 Ke2 68. h5 Kf1 69. h6 Ke2 70. h7 Kf1 71. h8=Q Ke2 72. Qb2+ Kf3 73. Qd5+ Kg4 74. Qg7+ Kh4 75. Qg3# 1-0


[Site "https://www.chess.com"]

[Event "Titled Tuesday Blitz March 15 Late 2022"]
[White "Srihari L R"]
[Black "Iskusnyh, Sergei"]
[WhiteFideId "46617116"]
[BlackFideId "4120027"]
[WhiteElo "2121"]
[BlackElo "2492"]
[Result "0-1"]
[Round "09"]
[TimeControl "180+1"]
[Date "2022.03.15"]
[WhiteClock "0:00:01"]
[BlackClock "0:00:38"]

1. Nf3 d5 2. g3 Nf6 3. Bg2 c6 4. O-O Bf5 5. d3 e6 6. Nbd2 h6 7. Qe1 Be7 8. e4 Bh7 9. e5 Nfd7 10. Qe2 O-O 11. Re1 c5 12. c3 Nc6 13. a3 b5 14. d4 cxd4 15. cxd4 Qb6 16. Nb3 a5 17. Be3 a4 18. Nc1 b4 19. Nd3 Qb5 20. Bf1 Rfb8 21. Rec1 bxa3 22. bxa3 Na5 23. Qc2 Nb3 24. Rab1 Qb7 25. Qb2 Nxc1 26. Qxb7 Rxb7 27. Rxb7 Nxd3 28. Rxd7 Bxa3 29. Nd2 Bb2 30. Rb7 a3 31. Nb3 a2 32. Kg2 Ne1+ 33. Kh3 a1=Q 34. Nxa1 Bxa1 35. g4 Nc2 36. Kg3 Bxd4 37. Bxd4 Nxd4 38. f4 Be4 39. h4 Ra3+ 40. Kf2 Rf3+ 41. Ke1 Rxf4 42. g5 hxg5 43. hxg5 Nf3+ 44. Ke2 Nxe5 45. Bh3 g6 46. Ke3 Rf3+ 47. Kd4 Rxh3 48. Kxe5 Kg7 49. Rb8 Rf3 50. Kd4 Rf5 51. Rb7 e5+ 0-1


[Site "https://www.chess.com"]